 Dungeon Crawl Stone Soup version 0.30-a0-1043-g60ff8d5f49 (webtiles) character file.

Game seed: 14040588663026871908

10 Esekla the Sneak (level 2, 21/21 HPs)
             Began as an Octopode Delver on Apr 9, 2023.
             Quit the game on level 5 of the Dungeon.
             The game lasted 00:00:37 (69 turns).

Esekla the Sneak (Octopode Delver)                    Turns: 69, Time: 00:00:37

Health: 21/21      AC:  1    Str: 11    XL:     2   Next: 20%
Magic:  2/2        EV: 13    Int: 12    God:
Gold:   26         SH:  0    Dex: 13    Spells: 1/1 levels left

rFire   . . .      SeeInvis .    a - +0 falchion
rCold   . . .      Faith    .    (no shield)
rNeg    . . .      Spirit   .    (helmet restricted)
rPois   .          Reflect  .    (no amulet)
rElec   .          Rampage  .    (no ring)
rCorr   .                        (no ring)
Will    .....                    (no ring)
Stlth   ++++                     (no ring)
HPRegen 0.23/turn                (no ring)
MPRegen 0.08/turn                (no ring)
                                 (no ring)
                                 (no ring)

@: weakened
A: almost no armour, amphibious, 8 rings, camouflage 1, gelatinous body 1,
(nimble swimmer 1), tentacles
a: no special abilities


You were on level 5 of the Dungeon.
You visited 1 branch of the dungeon, and saw 1 of its levels.

You collected 26 gold pieces.

Inventory:

Hand Weapons
 a - a +0 falchion (weapon)
Missiles
 h - 2 throwing nets (quivered)
Wands
 f - a wand of digging (3)
Scrolls
 b - a scroll of fog
 d - a scroll of fear
 i - a scroll of identify {unknown}
Potions
 e - a potion of haste
 g - a potion of mutation {unknown}


   Skills:
 + Level 3.0 Fighting
 + Level 2.0 Long Blades
 + Level 2.0 Dodging
 + Level 7.1 Stealth


You had one spell level left.
You didn't know any spells.
Your spell library was empty.

Dungeon Overview and Level Annotations

Branches:
Dungeon (5/15)
 Temple: D:4-7

Altars:


Innate Abilities, Weirdness & Mutations

You cannot wear most types of armour.
You are amphibious.
You can wear up to eight rings at the same time.
Your skin changes colour to match your surroundings (Stealth+).
Your rubbery body absorbs attacks. (AC +1, EV +1)
((You are camouflaged when in or above water. (Stealth+)))
You have tentacles for arms and can constrict up to eight enemies at once.


Message History

There is a stone staircase leading down here.
Found a leather armour.
Found 2 throwing nets.
g - a purple potion
There are no items here.
You now have 20 gold pieces (gained 11).
You see here a +0 leather armour.
h - 2 throwing nets
Found 6 gold pieces.
Found a scroll labelled XULUGUKAITH.
You now have 26 gold pieces (gained 6).
i - a scroll labelled XULUGUKAITH 3 gnolls come into view.
A gnoll comes into view. It is wielding a +0 flail.
Found a scroll labelled XULUGUKAITH and 6 stones.
The gnoll shouts! x2; You hear a shout!
A gnoll bouda comes into view. It is wielding a +0 whip.
A gnoll comes into view. It is wielding a +0 flail.
The gnoll bouda barks out a call to the hunt!
You hear a shout!
As you read the scroll of magic mapping, it crumbles to dust.
You feel aware of your surroundings. The gnoll attacks as you move away!
The gnoll barely misses you.
You hit the gnoll. Your grab misses the gnoll.
The gnoll is moderately wounded.
The gnoll barely misses you.
You hit the gnoll. You grab the gnoll.
You squeeze the gnoll, but do no damage.
The gnoll is heavily wounded.
You constrict the gnoll, but do no damage.
The gnoll escapes!
You slash the gnoll!
You kill the gnoll!
Your Stealth skill increases to level 7!
You have reached level 2!
The gnoll bouda gazes fiercely through you!
You feel your attacks grow feeble.
You hear a shout!
The gnoll bouda barks out a call to the hunt!
Are you sure you want to abandon this character and quit the game? (Confirm with "yes".)

##..##...###.>..
##...##....#.....
##.......##.g##.#.
#.....#.##........
##..g.###....#....
##.....##...>....
#.[...g.........
####.#..#.........
##@###.####........
#....gg............
#..................
##...............##
#....###...........
#.....*##..........
#.....#*...........
##.#.............h.
###....,,,..,,,,,*


You could see a gnoll bouda and a gnoll (swift).

Vanquished Creatures
  A gnoll (D:5)
1 creature vanquished.

Notes
Turn   | Place    | Note
-------+----------+-------------------------------------------
     0 | D:5      | Esekla the Octopode Delver began the quest for the Orb.
     0 | D:5      | Reached XP level 1. HP: 16/16 MP: 1/1
     2 | D:5      | Noticed a hound
    36 | D:5      | Noticed a gnoll bouda
    66 | D:5      | Reached skill level 7 in Stealth
    66 | D:5      | Reached XP level 2. HP: 21/21 MP: 2/2
    69 | D:5      | Quit the game

Illustrated notes

Levels and vault maps discovered:
D:5:      layout_cave_pools

Skill      XL: |  1 |
---------------+----+-----
Stealth        | 7 |  7.1
Fighting       | |  3.0
Long Blades    | |  2.0
Dodging        | |  2.0

Action                     || total
---------------------------++-------
  Melee: Falchion          ||     3
         Constrict         ||     1
         Tentacles         ||     1
    Use: Scroll            ||     1
  Dodge: Dodged            ||     2

Table legend: (Time is in decaauts)
 A = Elapsed time spent in this place.
 B = Non-inter-level travel time spent in this place.
 C = Inter-level travel time spent in this place.
 D = Time resting spent in this place.
 E = Time spent auto-exploring this place.
 F = Levels seen in this place.
 G = Mean time per level.
                   A        B        C        D        E       F      G
               +--------+--------+--------+--------+--------+-----+--------+
         Total |     69 |     69 |      0 |      0 |      0 |   1 |   69.0 |
       Dungeon |     69 |     69 |      0 |      0 |      0 |   1 |   69.0 |
               +--------+--------+--------+--------+--------+-----+--------+

Top non-repeatable levels by time:
     D:5: 69 daAuts
